 Dungeon Crawl Stone Soup version 0.18.1-48-g4cf74bf (webtiles) character file.

16384 theElss the Thaumaturge (level 12, 0/83 HPs)
             Began as a High Elf Conjurer on Sept 6, 2016.
             Was a High Priest of Vehumet.
             Slain by Harold
             ... wielding a +0 dire flail
              (13 damage)
             ... on level 2 of the Lair of Beasts.
             The game lasted 01:03:19 (16724 turns).

theElss the Thaumaturge (High Elf Conjurer)        Turns: 16724, Time: 01:03:19

Health: 0/83       AC:  6    Str:  8    XL:     12   Next: 9%
Magic:  0/30       EV: 14    Int: 23    God:    Vehumet [*****.]
Gold:   733        SH:  0    Dex: 17    Spells: 7 memorised, 17 levels left

rFire  . . .     SeeInvis .     d - +0 short sword
rCold  . . .     Gourm    +     U - +0 leather armour
rNeg   . . .     Faith    .     (no shield)
rPois  .         Spirit   .     I - +0 helmet
rElec  .         Dismiss  .     G - +0 cloak
rCorr  .         Reflect  .     Y - +0 pair of gloves
SustAt .         Harm     .     (no boots)
MR     +....                    q - amulet of the gourmand
Stlth  +++.......               (no ring)
                                D - ring of stealth

@: very slightly contaminated, studying Shields, somewhat resistant to hostile
enchantments, fairly stealthy
A: no striking features
a: Renounce Religion


You were on level 2 of the Lair of Beasts.
You worshipped Vehumet.
Vehumet was extremely pleased with you.
You were completely stuffed.

You visited 3 branches of the dungeon, and saw 13 of its levels.

You collected 733 gold pieces.

Inventory:

Hand Weapons
 d - a +0 short sword (weapon)
Armour
 G - a +0 cloak (worn)
 I - a +0 helmet (worn)
 U - a +0 leather armour (worn)
 V - a +0 ring mail
 Y - a +0 pair of gloves (worn)
Jewellery
 a - an uncursed ring of protection from cold {unknown}
 q - an amulet of the gourmand (around neck)
 A - an uncursed amulet of harm
 D - a ring of stealth (left hand)
 K - an uncursed amulet of magic regeneration
 M - an uncursed ring of fire
Wands
 k - a wand of flame (40/48)
 v - a wand of lightning (6/15)
 E - a wand of confusion (23/48)
 H - a wand of slowing (27/48)
 O - a wand of slowing (27/48)
 R - a wand of digging (18/24)
 Z - a wand of slowing (18/48)
Scrolls
 e - a scroll of recharging
 f - 4 scrolls of teleportation
 m - 4 scrolls of magic mapping
 s - a scroll of vulnerability {unknown}
 u - 2 scrolls of enchant weapon
 y - a scroll of remove curse
 z - a scroll of noise {unknown}
 L - a scroll of immolation {unknown}
 T - a scroll of holy word {unknown}
Potions
 g - a potion of magic
 h - 7 potions of curing
 j - a potion of invisibility
 n - a potion of ambrosia
 o - a potion of lignification
 p - 2 potions of brilliance
 r - a potion of heal wounds
 B - a potion of agility {unknown}
 C - 2 potions of haste
 F - 2 potions of flight
 N - 2 potions of resistance {unknown}
Books
 b - a book of Conjurations

   Spells                             Type                      Level
   a - Magic Dart                     Conjuration                  1
   b - Searing Ray                    Conjuration                  2
   c - Dazzling Spray                 Conjuration/Hexes            3
   d - Fulminant Prism                Conjuration/Hexes            4
   e - Iskenderun's Mystic Blast      Conjuration                  4
   f - Iskenderun's Battlesphere      Conjuration/Charms           5
 t - a book of Frost

   Spells                             Type                      Level
   a - Freeze                         Ice                          1
   b - Throw Frost                    Conjuration/Ice              2
   c - Ozocubu's Armour               Charms/Ice                   3
   d - Throw Icicle                   Conjuration/Ice              4
   e - Summon Ice Beast               Ice/Summoning                4
 w - a book of Air

   Spells                             Type                      Level
   a - Shock                          Conjuration/Air              1
   b - Swiftness                      Charms/Air                   2
   c - Repel Missiles                 Charms/Air                   2
   d - Static Discharge               Conjuration/Air              3
   e - Lightning Bolt                 Conjuration/Air              5
 S - a manual of Shields
 X - a Young Poisoner's Handbook

   Spells                             Type                      Level
   a - Sting                          Conjuration/Poison           1
   b - Cure Poison                    Poison                       2
   c - Mephitic Cloud                 Conjuration/Poison/Air       3
   d - Olgreb's Toxic Radiance        Poison                       4
   e - Venom Bolt                     Conjuration/Poison           5
Comestibles
 c - 7 bread rations
 i - 2 fruits
 l - 2 meat rations
 x - a chunk of flesh
 P - a slice of pizza
 Q - 5 beef jerkies


   Skills:
 * Level 8.2 Fighting
 - Level 5.0 Dodging
 - Level 2.1 Stealth
 + Level 13.0 Spellcasting
 + Level 12.9 Conjurations
 * Level 5.9 Fire Magic


You had 17 spell levels left.
You knew the following spells:

 Your Spells              Type           Power        Failure   Level  Hunger
a - Magic Dart            Conj           ####         1%          1    None
b - Iskenderun's Battles  Conj/Chrm      #####...     4%          5    ###....
c - Searing Ray           Conj           ######       1%          2    None
d - Iskenderun's Mystic   Conj           ######..     1%          4    None
e - Throw Flame           Conj/Fire      ######       1%          2    None
f - Sticky Flame          Conj/Fire      ######..     1%          4    None
r - Repel Missiles        Chrm/Air       ##....       12%         2    None


Dungeon Overview and Level Annotations

Branches:
Dungeon (10/15)            Temple (1/1) D:7            Lair (2/8) D:10
    Orc (0/2) D:9

Altars:
Ashenzari
Cheibriados
Dithmenos
Elyvilon
Fedhas
Gozag
Kikubaaqudgha
Makhleb
Nemelex Xobeh
Okawaru
Pakellas
Qazlal
Ru
Sif Muna
Trog
Vehumet
Xom
Yredelemnul
Zin
The Shining One

Shops:
D:5 %   D:7 (

Annotations:
Lair:2 Harold


Message History

Drink which item? (? for menu, Esc to quit)
You feel much better.
Harold mumbles some strange words.
Harold blinks!
Unknown command.
You try to slip out of the net.
You try to slip out of the net.
Harold casts a spell at you. The bolt of fire hits you!
* * * LOW HITPOINT WARNING * * *
You slip out of the net!
Casting: Magic Dart
Confirm with . or Enter, or press ? or * to list all spells.
Aiming: Magic Dart
Press: ? - help, Shift-Dir - straight line, f/p - Harold
Aim: Harold, wielding a dire flail and wearing a glowing ring mail (almost dead)
The magic dart hits Harold.
Harold is almost dead.
Harold hits you with a dire flail!
You die...

#######....##..#
...............#
..###.....P.#+#...##
..#...........#....#
..............#...##
..................P##
..P#P..P.#...#P.....#
.................@###
...#####P##P.P.#@.##
.F.## ## #####....#
##.P#### ###..##
.#.P...#######.P..##
.+.............†...#
..........÷........#
PP..P############.##
.P..## .# .#...# <#


You could see Harold.

Vanquished Creatures
  Gastronok (Lair:2)
  A hydra (Lair:2)
  A centaur zombie (D:10)
  5 spiny frogs
  2 komodo dragons
  A troll (D:10)
  8 blink frogs
  12 yaks
  A hippogriff (Lair:2)
  Grum (D:10)
  A hungry ghost (D:8)
  Duvessa (D:5)
  4 water moccasins
  A porcupine (Lair:2)
  A black bear (D:10)
  4 sky beasts
  5 orc warriors
  5 ice beasts
  A swamp drake (D:9)
  A wasp (D:10)
  6 phantoms
  6 ogres
  9 wolves
  7 centaurs
  A big kobold (D:8)
  4 crocodiles
  12 giant frogs
  Dowan (D:5)
  A scorpion (D:8)
  11 killer bees (D:10)
  An electric eel (Lair:1)
  2 howler monkeys
  A crimson imp (D:6)
  A giant frog zombie (D:9)
  2 jellies
  A quasit (D:9)
  3 hounds
  6 orc priests
  A giant frog skeleton (D:7)
  A gnoll shaman (D:5)
  14 orc wizards
  7 iguanas
  3 worker ants
  8 sheep (Lair:1)
  A hound skeleton (D:5)
  3 gnolls (D:6)
  13 adders
  21 river rats
  4 shadow imps
  2 worms
  A dart slug (D:1)
  5 giant geckos
  51 orcs
  6 giant cockroaches
  14 goblins
  6 hobgoblins
  11 jackals
  3 quokkas
  15 bats
  A giant gecko skeleton (D:5)
  3 giant newts
  9 kobolds
  18 rats
  A plant (D:10)
354 creatures vanquished.

Vanquished Creatures (others)
  A yak (D:10)
  9 fungi
  3 plants (D:10)
13 creatures vanquished.

Grand Total: 367 creatures vanquished

Notes
Turn   | Place    | Note
--------------------------------------------------------------
     0 | D:1      | theElss the High Elf Conjurer began the quest for the Orb.
     0 | D:1      | Reached XP level 1. HP: 11/11 MP: 4/4
   222 | D:1      | Reached XP level 2. HP: 17/17 MP: 3/6
   226 | D:1      | Learned a level 2 spell: Searing Ray
   757 | D:1      | Reached skill level 5 in Conjurations
  1217 | D:2      | Reached XP level 3. HP: 21/21 MP: 6/8
  1803 | D:3      | Reached skill level 3 in Spellcasting
  2160 | D:3      | Reached XP level 4. HP: 27/27 MP: 5/9
  2166 | D:3      | Learned a level 4 spell: Iskenderun's Mystic Blast
  2305 | D:3      | Reached skill level 1 in Fighting
  2723 | D:3      | Reached XP level 5. HP: 33/33 MP: 4/11
  3206 | D:4      | Found a blossoming altar of Fedhas.
  3350 | D:4      | Reached skill level 4 in Spellcasting
  3376 | D:4      | Reached XP level 6. HP: 11/40 MP: 0/13
  4381 | D:4      | Learned a level 2 spell: Repel Missiles
  4397 | D:5      | Entered Level 5 of the Dungeon
  4433 | D:5      | Found a radiant altar of Vehumet.
  4433 | D:5      | Noticed a sky beast
  4441 | D:5      | Killed a sky beast
  4488 | D:5      | Became a worshipper of Vehumet
  4543 | D:5      | Found a deep blue altar of Sif Muna.
  4549 | D:5      | Found Miqoak's Food Boutique.
  4561 | D:5      | Found an oddly glowing altar of Pakellas.
  4605 | D:5      | Found an opulent altar of Gozag.
  4675 | D:5      | Noticed an ice beast
  4681 | D:5      | Killed an ice beast
  4681 | D:5      | Reached skill level 5 in Spellcasting
  4681 | D:5      | Reached XP level 7. HP: 9/46 MP: 1/15
  5153 | D:5      | Learned a level 5 spell: Iskenderun's Battlesphere
  5416 | D:5      | Noticed Dowan
  5720 | D:5      | Noticed Duvessa
  5745 | D:5      | Killed Duvessa
  5745 | D:5      | Reached XP level 8. HP: 50/54 MP: 7/17
  5749 | D:5      | Killed Dowan
  5749 | D:5      | Reached skill level 6 in Spellcasting
  6239 | D:6      | Reached * piety under Vehumet
  6239 | D:6      | Offered knowledge of Sandblast by Vehumet.
  6591 | D:6      | Reached skill level 7 in Spellcasting
  7271 | D:6      | Reached XP level 9. HP: 42/60 MP: 12/21
  7386 | D:6      | Reached skill level 5 in Fighting
  7477 | D:7      | Reached skill level 8 in Spellcasting
  8155 | D:7      | Found a snail-covered altar of Cheibriados.
  8405 | D:7      | Found a staircase to the Ecumenical Temple.
  8411 | Temple   | Entered the Ecumenical Temple
  8771 | D:7      | Found Loapodytre's Antique Weapon Shop.
  8832 | D:8      | Found an ancient bone altar of Kikubaaqudgha.
  8851 | D:8      | Reached ** piety under Vehumet
  8851 | D:8      | Offered knowledge of Sting by Vehumet.
  8902 | D:8      | Reached skill level 9 in Spellcasting
  8980 | D:8      | Reached skill level 10 in Conjurations
  9322 | D:8      | Reached skill level 5 in Dodging
  9385 | D:8      | Offered knowledge of Throw Flame by Vehumet.
  9393 | D:8      | Learned a level 2 spell: Throw Flame
  9484 | D:8      | Found an iron altar of Okawaru.
 10115 | D:9      | Reached skill level 1 in Fire Magic
 10115 | D:9      | Reached XP level 10. HP: 61/68 MP: 13/24
 10148 | D:8      | Reached *** piety under Vehumet
 10628 | D:9      | Reached skill level 10 in Spellcasting
 11267 | D:9      | Found a staircase to the Orcish Mines.
 11282 | D:9      | Offered knowledge of Stone Arrow by Vehumet.
 11596 | D:10     | Entered Level 10 of the Dungeon
 11663 | D:10     | Noticed Grum
 11676 | D:10     | Killed Grum
 12121 | D:10     | Reached **** piety under Vehumet
 12332 | D:10     | Offered knowledge of Lee's Rapid Deconstruction by Vehumet.
 12471 | D:10     | Found a staircase to the Lair.
 12474 | D:10     | Reached skill level 11 in Spellcasting
 12680 | Lair:1   | Entered Level 1 of the Lair of Beasts
 13366 | D:10     | HP: 2/71 [yak (7)]
 13555 | D:9      | Reached XP level 11. HP: 52/75 MP: 16/27
 14442 | Lair:1   | Reached ***** piety under Vehumet
 14573 | Lair:1   | Offered knowledge of Sticky Flame by Vehumet.
 15193 | Lair:1   | Reached skill level 12 in Spellcasting
 15707 | Lair:2   | Reached skill level 5 in Fire Magic
 15986 | Lair:2   | Noticed a five-headed hydra
 16006 | Lair:2   | Killed a five-headed hydra
 16119 | Lair:2   | Learned a level 4 spell: Sticky Flame
 16318 | Lair:2   | Noticed Harold
 16326 | Lair:2   | Noticed Gastronok
 16698 | Lair:2   | Killed Gastronok
 16698 | Lair:2   | Reached skill level 13 in Spellcasting
 16698 | Lair:2   | Reached XP level 12. HP: 64/83 MP: 8/30
 16724 | Lair:2   | Slain by Harold

Skill      XL: |  1  2  3  4  5  6  7  8  9 10 11 |
---------------+----------------------------------+-----
Conjurations   | 5 6 7 9 10 11 12 | 12.9
Spellcasting   | 3 4 5 7 9 11 13 | 13.0
Fighting       | 1 2 3 4 6 7 8 |  8.2
Dodging        | 3 4 5 |  5.0
Fire Magic     | 1 3 5 |  5.9
Stealth        | |  2.1

Action                   |  1- 3 |  4- 6 |  7- 9 | 10-12 || total
-------------------------+-------+-------+-------+-------++-------
Melee: Short sword       |     2 |    25 |     2 |     1 ||    30
 Cast: Magic Dart        |    89 |    93 |   179 |   224 ||   585
       Searing Ray       |     3 |     8 |    22 |    10 ||    43
       Iskenderun's Myst |       |     3 |    57 |   107 ||   167
       Repel Missiles    |       |     1 |       |       ||     1
       Throw Flame       |       |       |    11 |       ||    11
       Iskenderun's Batt |       |       |     2 |    59 ||    61
  Use: Potion            |       |     1 |       |     3 ||     4
       Scroll            |       |     7 |     6 |     9 ||    22
  Eat: Chunk             |    12 |     9 |    21 |    45 ||    87
Armor: Robe              |     3 |     2 |     8 |     1 ||    14
       Skin              |       |    10 |       |       ||    10
       Leather armour    |       |       |       |    13 ||    13
Dodge: Dodged            |    15 |    17 |    28 |    72 ||   132
       Deflected         |       |       |     2 |       ||     2
